 Dungeon Crawl Stone Soup version 0.29-a0-352-g0917bc69df (webtiles) character file.

Game seed: 16340887601325447803

25 Morbidden the Skirmisher (level 3, 34/34 HPs)
             Began as a Naga Fighter on Apr 24, 2022.
             Quit the game on level 1 of the Dungeon.
             The game lasted 00:00:49 (677 turns).

Morbidden the Skirmisher (Naga Fighter)              Turns: 677, Time: 00:00:50

Health: 34/34      AC:  4    Str: 18    XL:     3   Next: 6%
Magic:  3/3        EV:  7    Int:  8    God:
Gold:   34         SH:  4    Dex: 12    Spells: 2/2 levels left

rFire   . . .      SeeInvis +   a - +0 war axe
rCold   . . .      Faith    .   c - +0 buckler
rNeg    . . .      Spirit   .   b - +0 scale mail
rPois   +          Reflect  .   (no helmet)
rElec   .          Harm     .   (no cloak)
rCorr   .          Rampage  .   (no gloves)
Will    .....                   (no barding)
Stlth   ..........              (no amulet)
HPRegen 0.11/turn               (no ring)
MPRegen 0.08/turn               (no ring)

@: very slow
A: AC +1, large, see invisible, deformed body, poison resistance, slowness 2,
spit poison 1, naga tail 1
a: Spit Poison


You were on level 1 of the Dungeon.
You visited 1 branch of the dungeon, and saw 1 of its levels.

You collected 34 gold pieces.

Inventory:

Hand Weapons
 a - a +0 war axe (weapon)
Armour
 b - a +0 scale mail (worn)
 c - a +0 buckler (worn)
Scrolls
 e - a scroll of amnesia {unknown}
Potions
 d - a potion of might
 f - a potion of lignification {unknown}
 g - a potion of flight {unknown}


   Skills:
 * Level 3.1 Fighting
 + Level 2.5 Axes
 + Level 2.5 Armour
 * Level 0.6 Dodging
 + Level 2.4 Shields
 * Level 0.4 Spellcasting


You had 2 spell levels left.
You didn't know any spells.
Your spell library contained the following spells:

 Spells                   Type           Power      Damage    Failure   Level
 Olgreb's Toxic Radiance  Pois           0%         N/A       100%        4
 Ozocubu's Refrigeration  Ice            0%         4d5       100%        7
 Ignition                 Fire           0%         3d3       100%        8


Dungeon Overview and Level Annotations

Branches:
Dungeon (1/15)

Altars:

Shops:
D:1 (


Innate Abilities, Weirdness & Mutations

Your serpentine skin is tough. (AC +1)
You have supernaturally acute eyesight. (SInv)
Armour fits poorly on your strangely shaped body.
Your system is resistant to poisons. (rPois)
You cover ground very slowly.
You can spit poison.
You have a snake-like lower body.


Message History

The giant cockroach misses you.
The giant cockroach bites you but does no damage.
You barely miss the giant cockroach. The giant cockroach barely misses you.
A giant cockroach is nearby!
You closely miss the giant cockroach.
The giant cockroach bites you but does no damage.
You block the giant cockroach's attack.
A giant cockroach is nearby!
You hit the giant cockroach.
The giant cockroach is severely wounded.
The giant cockroach bites you but does no damage.
The giant cockroach barely misses you.
A giant cockroach is nearby!
You slash the giant cockroach!
You kill the giant cockroach!
You have reached level 3!
Your experience leads to an increase in your attributes!
Increase (S)trength, (I)ntelligence, or (D)exterity?
You feel agile. x2; Your skin feels tougher.
You see here a +0 quarterstaff.
A ball python comes into view.
Found a stone staircase leading down.
The ball python hisses angrily.
The ball python bites you but does no damage.
You slash the ball python!
You kill the ball python!
Key pressed, stopping explore.
No target in view!
No target in view!
Found 11 stones.
No target in view!
You see here a ball python corpse.
You see here 11 stones.
You see here a +0 rapier.
You see here 2 poisoned darts.
Found 22 stones.
No target in view!
You see here 22 stones.
Found 13 stones.
Are you sure you want to abandon this character and quit the game? (Confirm with "yes".)

..# #...#...#.....#...#.## #.#
#.# #.###.###.<.###.###
#.###.#...#.....#...#
#.#...#.#.#.###.#.###
#.#.###.#.#...#...#
....#...#.###.#####.###
#>###.#.#...#..(....... [.#
#.#.#.#.###.######## .##
#.#.#.#...#.@......( .#
#.#.#.###.####.##### .####.#.#..
#....# .. ...#############.# ##
##.####.###.# #..# #.##.....#.#
#†## #
#.##.###.#.###.############.###
#....# #...#....................
#.##.###.............†.......##.


There were no monsters in sight!

Vanquished Creatures
  4 ball pythons (D:1)
  3 bats (D:1)
  3 giant cockroaches (D:1)
  3 hobgoblins (D:1)
  5 frilled lizards (D:1)
  2 goblins (D:1)
  A kobold (D:1)
  4 rats (D:1)
25 creatures vanquished.

Notes
Turn   | Place    | Note
-------+----------+-------------------------------------------
     0 | D:1      | Morbidden the Naga Fighter began the quest for the Orb.
     0 | D:1      | Reached XP level 1. HP: 21/21 MP: 1/1
   182 | D:1      | Reached XP level 2. HP: 22/28 MP: 2/2
   299 | D:1      | Found a faded altar of an unknown god.
   299 | D:1      | Noticed a hellion
   381 | D:1      | Found Jeptus's Antique Weapon Boutique.
   570 | D:1      | Reached XP level 3. HP: 34/34 MP: 3/3
   677 | D:1      | Quit the game

Illustrated notes

Levels and vault maps discovered:
D:1:      psy_arrival_radial02, layout_loops_ring, serial_shops, shop,
          dreamdust_ecumenical_altar_sealed_demon, minmay_misc_feat_five

Action                   || total
-------------------------++-------
Melee: War axe           ||    56
 Abil: Spit Poison       ||     2
Armor: Scale mail        ||    31
Dodge: Dodged            ||    24
Block: Buckler           ||    12

Table legend: (Time is in decaauts)
 A = Elapsed time spent in this place.
 B = Non-inter-level travel time spent in this place.
 C = Inter-level travel time spent in this place.
 D = Time resting spent in this place.
 E = Time spent auto-exploring this place.
 F = Levels seen in this place.
 G = Mean time per level.
                   A        B        C        D        E       F      G
               +--------+--------+--------+--------+--------+-----+--------+
         Total |    853 |    853 |      0 |      0 |    697 |   1 |  853.0 |
       Dungeon |    853 |    853 |      0 |      0 |    697 |   1 |  853.0 |
               +--------+--------+--------+--------+--------+-----+--------+

Top non-repeatable levels by time:
     D:1: 853 daAuts
